 Dungeon Crawl Stone Soup version 0.29.1-15-g9cfb28693d (webtiles) character file.

Game seed: 18375296899289080843

2 croobank the Covert (level 1, -9/23 HPs)
             Began as a Gnoll Delver on May 1, 2023.
             Mangled by Menkaure (16 damage)
             ... on level 4 of the Dungeon.
             The game lasted 00:02:20 (201 turns).

croobank the Covert (Gnoll Delver)                   Turns: 201, Time: 00:02:20

Health: -9/23      AC:  3    Str: 11    XL:     1   Next: 40%
Magic:  10/10      EV: 13    Int:  9    God:
Gold:   14         SH:  0    Dex: 13    Spells: 0/0 levels left

rFire   . . .      SeeInvis .   a - +0 hand axe
rCold   . . .      Faith    .   (no shield)
rNeg    . . .      Spirit   .   i - +0 leather armour of Inamai Dumy {Will+ MP+9}
rPois   .          Reflect  .   (no helmet)
rElec   .          Harm     .   (no cloak)
rCorr   .          Rampage  .   (no gloves)
Will    +....                   (no boots)
Stlth   ++++......              (no amulet)
HPRegen 0.07/turn               (no ring)
MPRegen 0.12/turn               (no ring)

@: hasted, very quick
A: fangs 1, strong nose, distributed training
a: no special abilities


You were on level 4 of the Dungeon.
You visited 1 branch of the dungeon, and saw 3 of its levels.

You collected 14 gold pieces.

Inventory:

Hand Weapons
 a - a +0 hand axe (weapon)
Missiles
 h - 5 poisoned darts (quivered)
Armour
 b - a +0 leather armour
 i - the +0 leather armour of Inamai Dumy (worn) {Will+ MP+9}
   (You found it on level 6 of the Dungeon)

   MP:        It affects your magic capacity (+9).
   Will:      It increases your willpower.
Jewellery
 d - an amulet of faith
Wands
 g - a wand of digging (3)
Scrolls
 c - a scroll of fog
 e - a scroll of teleportation {unknown}


   Skills:
 + Level 6.4 Fighting
 + Level 0.0 Short Blades
 + Level 0.0 Long Blades
 + Level 4.4 Axes
 + Level 0.0 Maces & Flails
 + Level 0.0 Polearms
 + Level 0.0 Staves
 + Level 0.0 Ranged Weapons
 + Level 0.0 Throwing
 + Level 0.0 Armour
 + Level 4.4 Dodging
 + Level 9.5 Stealth
 + Level 0.0 Shields
 + Level 0.0 Unarmed Combat
 + Level 0.0 Spellcasting
 + Level 0.0 Conjurations
 + Level 0.0 Hexes
 + Level 0.0 Summonings
 + Level 0.0 Necromancy
 + Level 0.0 Translocations
 + Level 0.0 Transmutations
 + Level 0.0 Fire Magic
 + Level 0.0 Ice Magic
 + Level 0.0 Air Magic
 + Level 0.0 Earth Magic
 + Level 0.0 Poison Magic
 + Level 0.1 Invocations
 + Level 0.0 Evocations


You couldn't memorise any spells.
You didn't know any spells.
Your spell library was empty.

Dungeon Overview and Level Annotations

Branches:
Dungeon (6/15)             Temple (0/1) D:5

Altars:

Annotations:
D:4 Menkaure


Innate Abilities, Weirdness & Mutations

You have very sharp teeth.
Your uncanny sense of smell can sniff out nearby items.
Your experience applies equally to all skills.


Message History

There is a stone staircase leading up here.
Okay, then.
It was a potion of magic.
Magic courses through your body.
You hit Menkaure but do no damage. Your bite misses Menkaure.
Menkaure mumbles some strange words.
Menkaure seems to speed up.
You barely miss Menkaure. Menkaure closely misses you.
You hit Menkaure.
Menkaure is lightly damaged.
Menkaure misses you.
You barely miss Menkaure.
Menkaure is lightly damaged.
Menkaure barely misses you.
You hit Menkaure but do no damage. You bite Menkaure, but do no damage.
Menkaure is lightly damaged.
Menkaure gestures at you while chanting.
You resist with significant effort.
You hit Menkaure.
Menkaure is moderately damaged.
You hit Menkaure but do no damage.
Menkaure is moderately damaged.
Menkaure casts a spell at you. You resist with significant effort.
You hit Menkaure but do no damage.
Menkaure is moderately damaged.
Menkaure misses you.
You barely miss Menkaure. Your punch misses Menkaure.
Menkaure is moderately damaged.
Menkaure closely misses you.
You hit Menkaure. Your bite misses Menkaure.
Menkaure is heavily damaged.
Menkaure hits you.
You hit Menkaure.
Menkaure is severely damaged.
Menkaure barely misses you.
You hit Menkaure.
Menkaure is almost destroyed.
Menkaure hits you!
Ouch! That really hurt!
You die...

#............
#..........##
########..†....###
#....##.†.......#
#....##.........#
#....##.........#
####....##....(....#
#......M##.........#
#......@##........##
#.......##.#.....##
#..........###........
#......##### #......oo
....... ..........
....... ...........
....#.. .##g.......o
.#.##.> .. ..........
#. #.. .........


You could see Menkaure (fast).

Vanquished Creatures
  A ball python (D:4)
  A hobgoblin (D:4)
2 creatures vanquished.

Notes
Turn   | Place    | Note
-------+----------+-------------------------------------------
     0 | D:5      | Reached skill level 9 in Stealth
     0 | D:5      | croobank the Gnoll Delver began the quest for the Orb.
     0 | D:5      | Reached XP level 1. HP: 23/23 MP: 1/1
    20 | D:6      | Identified the +0 leather armour of Inamai Dumy {Will+
                  | MP+9}
   130 | D:5      | Noticed an iguana
   142 | D:5      | Noticed an iguana
   185 | D:4      | Noticed Menkaure
   201 | D:4      | Mangled by Menkaure

Illustrated notes

Levels and vault maps discovered:
D:4:      layout_rooms, grunt_gozag_breadcrumbs, gup_sewer_entry_spiral,
          nicolae_shop_vocational, uniq_menkaure
D:5:      layout_cave_pools, makhleb_altar_promises_db,
          minmay_temple_entry_glass, uniq_crazy_yiuf_cottage, uniq_eustachio,
          uniq_pikel
D:6:      layout_basic, uniq_edmund

Skill      XL: | |
---------------+-+-----
Stealth        | |  9.5
Fighting       | |  6.4
Axes           | |  4.4
Dodging        | |  4.4
Invocations    | |  0.1

Action                   || total
-------------------------++-------
Melee: Hand axe          ||    16
       Bite              ||     2
  Use: Scroll            ||     2
       Potion            ||     2
 Stab: Sleeping          ||     1
Armor: Leather armour    ||     1
Dodge: Dodged            ||    11
